 Dungeon Crawl Stone Soup version 0.27-a0-1200-g94dc6ad4cf (webtiles) character file.

Game seed: 13824993457376731509

1073 polve the Ruffian (level 8, -4/78 HPs)
             Began as a Troll Fighter on May 30, 2021.
             Slain by an ogre
             ... wielding a +0 giant spiked club
              (26 damage)
             ... on level 5 of the Dungeon.
             The game lasted 00:02:15 (3112 turns).

polve the Ruffian (Troll Fighter)                   Turns: 3112, Time: 00:02:16

Health: -4/78      AC:  7    Str: 25    XL:     8   Next: 7%
Magic:  7/7        EV:  9    Int:  4    God:
Gold:   153        SH:  9    Dex: 11    Spells: 7/7 levels left

rFire    . . .     SeeInvis .     - Unarmed
rCold    . . .     Faith    .   b - +0 kite shield
rNeg     . . .     Spirit   .   t - +2 robe {Will+}
rPois    .         Reflect  .   (helmet restricted)
rElec    .         Harm     .   m - +0 cloak
rCorr    .         Rampage  .   (gloves unavailable)
Will     +....                  (boots unavailable)
Stlth    +.........             (no amulet)
HPRegen  1.23/turn              (no ring)
MPRegen  0.10/turn              (no ring)

@: no status effects
A: large, unfitting armour, claws 3, regeneration 1, shaggy fur 1, tough skin 1
a: no special abilities


You were on level 5 of the Dungeon.
You visited 1 branch of the dungeon, and saw 5 of its levels.

You collected 153 gold pieces.

Inventory:

Missiles
 v - 4 curare-tipped darts (quivered)
Armour
 b - a +0 kite shield (worn)
 m - a +0 cloak (worn)
 t - a +2 robe of willpower (worn)
Jewellery
 u - a +6 ring of strength
Scrolls
 a - 3 scrolls of vulnerability {unknown}
 g - a scroll of noise {unknown}
 i - a scroll of identify {unknown}
 j - a scroll of holy word {unknown}
 n - a scroll of fear
 p - a scroll of blinking {unknown}
 q - a scroll of enchant weapon {unknown}
 r - a scroll of teleportation {unknown}
 s - a scroll of enchant armour {unknown}
Potions
 c - a potion of might
 d - 3 potions of lignification {unknown}
 e - 2 potions of berserk rage {unknown}
 f - a potion of curing {unknown}
 h - 3 potions of heal wounds {unknown}
 k - a potion of mutation {unknown}
 l - a potion of ambrosia {unknown}
 o - 2 potions of attraction {unknown}


   Skills:
 + Level 4.2 Fighting
 + Level 4.2 Dodging
 + Level 4.2 Shields
 * Level 6.3 Unarmed Combat


You had 7 spell levels left.
You didn't know any spells.
Your spell library contained the following spells:

 Spells                   Type           Power      Damage    Failure   Level
 Shock                    Conj/Air       0%         1d3       85%         1
 Static Discharge         Conj/Air       0%         N/A       94%         2
 Swiftness                Air            0%         N/A       99%         3
 Airstrike                Air            0%         N/A       100%        4
 Lightning Bolt           Conj/Air       0%         1d11      100%        5


Dungeon Overview and Level Annotations

Branches:
Dungeon (5/15)
 Temple: D:4-7

Altars:
Kikubaaqudgha


Innate Abilities, Weirdness & Mutations

You are too large for most types of armour.
You have claws for hands.
Your natural rate of healing is unusually fast.
You are covered in fur. (AC +1)
You have tough skin. (AC +1)


Message History

You kill the centaur!
You have reached level 8!
The quokka barely misses you.
You barely miss the quokka. You block the quokka's attack.
You claw the quokka!
You kill the quokka!
Things that are here:
a +0 shortbow; 19 arrows; a centaur corpse
Found a stone staircase leading up.
An ogre comes into view. It is wielding a +0 giant spiked club.
An ogre is nearby!
The ogre shouts!
The ogre hits you with a +0 giant spiked club!!
You are too injured to fight recklessly!
You are too injured to fight recklessly!
You are too injured to fight recklessly!
You are too injured to fight recklessly!
You are too injured to fight recklessly!
You are too injured to fight recklessly!
You are too injured to fight recklessly!
You are too injured to fight recklessly!
You are too injured to fight recklessly!
You are too injured to fight recklessly!
You are too injured to fight recklessly!
You are too injured to fight recklessly!
You closely miss the ogre.
The ogre hits you with a +0 giant spiked club!!
You claw the ogre!
The ogre is moderately wounded.
You scratch the ogre.
The ogre is heavily wounded.
The ogre hits you with a +0 giant spiked club.
You scratch the ogre.
The ogre is heavily wounded.
The ogre hits you with a +0 giant spiked club!!
* * * LOW HITPOINT WARNING * * *
You claw the ogre!
The ogre is almost dead.
The ogre hits you with a +0 giant spiked club!!
You die...

.# #.....#.####.............. ##
####.....#.. ............... #
#........### ...#....####### ##
#.#.....###. . #....## .#
#.##.#### #. #.....# .# #.#####
#. #....####### .# #.....# #.
#....#.#.#.# .# ######.#
###O#### #..(...#.#..
.###....#.#
#...@..#.#..........#
........#.#
#.#....#.########.###
###.....#.# #..#.#... #.#
###..)..#.### #....#####. #.#
.....#..#..##<##.#.....#.####.#
###.....##.##..........#.#....#
#.##.##.##.#####........[.##.##
#.#...........).###....##.##..##
#.#.###.#.....#...#.#...#.#....#


You could see an ogre.

Vanquished Creatures
  Edmund (D:4)
  A sky beast (D:5)
  A black bear (D:2)
  2 centaurs (D:5)
  2 necrophages (D:4)
  Blork the orc (D:4)
  A bullfrog (D:4)
  2 scorpions (D:4)
  A centaur zombie (D:4)
  A centaur skeleton (D:5)
  An iguana (D:4)
  A hound skeleton (D:5)
  5 adders
  An ufetubus (D:5)
  4 dart slugs
  4 orcs (D:5)
  6 bats
  5 endoplasms
  4 goblins
  3 hobgoblins
  7 jackals
  8 kobolds
  4 quokkas
  3 ball pythons
  3 frilled lizards (D:1)
  2 rats (D:1)
74 creatures vanquished.

Notes
Turn   | Place    | Note
-------+----------+-------------------------------------------
     0 | D:1      | polve the Troll Fighter began the quest for the Orb.
     0 | D:1      | Reached XP level 1. HP: 22/22 MP: 0/0
     0 | D:1      | Noticed a spriggan
     1 | D:1      | Noticed a spriggan
     4 | D:1      | Noticed an elf
     6 | D:1      | Noticed a human
     8 | D:1      | Noticed a spriggan
     9 | D:1      | Noticed a draconian
    11 | D:1      | Noticed a gargoyle
    11 | D:1      | Noticed an octopode
    13 | D:1      | Noticed a troll
    15 | D:1      | Noticed a troll
    15 | D:1      | Noticed a vine stalker
    17 | D:1      | Noticed a formicid
    17 | D:1      | Noticed an octopode
    19 | D:1      | Noticed a troll
    19 | D:1      | Noticed a spriggan
   139 | D:1      | Reached XP level 2. HP: 12/29 MP: 1/1
   676 | D:2      | Reached XP level 3. HP: 36/36 MP: 2/2
   678 | D:2      | Found an ancient bone altar of Kikubaaqudgha.
   765 | D:2      | Reached skill level 3 in Unarmed Combat
   823 | D:2      | Noticed a black bear
   833 | D:2      | Killed a black bear
   834 | D:2      | Reached XP level 4. HP: 25/45 MP: 3/3
   834 | D:2      | Reached XP level 5. HP: 29/53 MP: 4/4
  1017 | D:2      | Found a faded altar of an unknown god.
  1757 | D:4      | Noticed Edmund
  1768 | D:4      | Killed Edmund
  1769 | D:4      | Reached skill level 4 in Unarmed Combat
  1769 | D:4      | Reached XP level 6. HP: 31/61 MP: 5/5
  2019 | D:4      | Reached skill level 5 in Unarmed Combat
  2019 | D:4      | Reached XP level 7. HP: 66/67 MP: 6/6
  2155 | D:4      | Noticed Blork the orc
  2174 | D:4      | Killed Blork the orc
  2753 | D:5      | Entered Level 5 of the Dungeon
  2959 | D:5      | Reached skill level 6 in Unarmed Combat
  3089 | D:5      | Reached XP level 8. HP: 72/78 MP: 7/7
  3112 | D:5      | Slain by an ogre

Illustrated notes

Levels and vault maps discovered:
D:1:      shiori_arrival_whats_in_store_for_you, layout_basic
D:2:      layout_rooms, shapermc_ecumenical_altar_mp_vishouse, basic_altar
D:3:      layout_loops_ring
D:4:      layout_cave_pods, grunt_ministairs_5, uniq_edmund, uniq_blork_the_orc
D:5:      layout_loops_cross, nicolae_sif_muna_little_library,
          kennysheep_little_box, serial_shops, nicolae_shop_waterfront,
          serial_co_window_serial, co_window_corner_a, co_window_corner_a,
          co_window_corner_a, co_window_corner_a, co_window_corner_a,
          co_window_paths_a, co_window_of_opportunity_a, co_window_corner_a,
          co_window_paths_a, co_window_unsneaky_path_c, co_window_corner_b,
          co_window_corner_b, co_window_broadway_c, co_window_corner_ca,
          co_window_unsneaky_path_a, co_window_paths_e, glass_columns_c,
          kennysheep_generic_room_15

Skill      XL: |  1  2  3  4  5  6  7 |
---------------+----------------------+-----
Unarmed Combat | 3 4 5 6 |  6.3
Fighting       | 3 4 |  4.2
Dodging        | 3 4 |  4.2
Shields        | 3 4 |  4.2

Action                   |  1- 3 |  4- 6 |  7- 9 || total
-------------------------+-------+-------+-------++-------
Melee: Unarmed           |    86 |    83 |    83 ||   252
  Use: Scroll            |       |       |     1 ||     1
Armor: Robe              |    31 |    22 |    35 ||    88
Dodge: Dodged            |    25 |    22 |    31 ||    78
Block: Kite shield       |    41 |    45 |    47 ||   133

Table legend: (Time is in decaauts)
 A = Elapsed time spent in this place.
 B = Non-inter-level travel time spent in this place.
 C = Inter-level travel time spent in this place.
 D = Time resting spent in this place.
 E = Time spent auto-exploring this place.
 F = Levels seen in this place.
 G = Mean time per level.
                   A        B        C        D        E       F      G
               +--------+--------+--------+--------+--------+-----+--------+
         Total |   3140 |   3000 |    140 |      0 |   2486 |   5 |  628.0 |
       Dungeon |   3140 |   3000 |    140 |      0 |   2486 |   5 |  628.0 |
               +--------+--------+--------+--------+--------+-----+--------+

Top non-repeatable levels by time:
     D:4: 1047 daAuts
     D:1: 664 daAuts
     D:3: 657 daAuts
     D:2: 409 daAuts
     D:5: 362 daAuts
